AoeStats
← 绣虎

Black Forest

509040620Analyzed
4v4 RM · 6d ago on Sep 25, 2026· 40m 26s· 8 players
Game mode
Random Map
Map size
Large (8 player)
Population
200
Speed
Normal
Resources
Standard
Victory
Conquest
Starting age
Dark Age
Ending age
Imperial Age
RankedLock teamsTeams togetherTeam positionsShared explorationLock speedFull tech treeHidden civsTurbo modeCheats
Victory
Defeat
🇭🇰 Varangians · Hong Kong SAR China
1058
+16
🇨🇳 Byzantines · China
1034
+17
🇨🇳 Mongols · China
1021
+17
🇨🇳 Bohemians · China
1021
+17
🇩🇪 Vietnamese · Germany
1068
-17
🇲🇽 Varangians · Mexico
1066
-17
🇮🇱 Magyars · Israel
1044
-17
🇲🇽 Persians · Mexico
1021
-16
SIEGFRIED
6:01 Loom
11:39 Feudal Age
17:28 Castle Age
16:23 Double-Bit Axe
16:36 Horse Collar
19:33 Bow Saw
20:25 Scale Barding Armor
20:24 Heavy Plow
25:44 Husbandry
27:47 Forging
28:34 Wheelbarrow
32:47 Bloodlines
32:59 Chain Barding Armor
35:09 Hand Cart
37:59 Imperial Age
35:40 Light Cavalry
gotcoffe
1:53 Loom
13:32 Feudal Age
14:34 Double-Bit Axe
14:35 Horse Collar
19:01 Castle Age
19:59 Wheelbarrow
21:53 Fletching
kama.Kroxa
1:50 Loom
7:54 Loom
13:41 Feudal Age
18:27 Castle Age
16:51 Horse Collar
17:09 Double-Bit Axe
17:48 Bloodlines
17:46 Scale Barding Armor
17:52 Forging
18:17 Scale Mail Armor
20:29 Chain Barding Armor
28:43 Wheelbarrow
28:57 Heavy Plow
32:46 Imperial Age
31:57 Iron Casting
32:26 Bow Saw
33:13 Hand Cart
34:09 Elite Jarl
35:53 Plate Barding Armor
35:42 Conscription
37:42 Blast Furnace
Mike
1:55 Loom
11:44 Feudal Age
15:34 Castle Age
14:01 Double-Bit Axe
14:42 Horse Collar
16:28 Bow Saw
21:57 Heavy Plow
24:06 Wheelbarrow
24:46 Gold Mining
26:25 Hand Cart
29:41 Imperial Age
27:13 Fletching
27:24 Padded Archer Armor
28:37 Gold Shaft Mining
28:45 Bodkin Arrow
29:05 Leather Archer Armor
30:02 Stone Mining
30:42 Ballistics
30:29 Thumb Ring
31:17 Parthian Tactics
31:24 Bracer
31:54 Ring Archer Armor
32:43 Ring Archer Armor
33:14 Chemistry
32:00 Heavy Cavalry Archer
34:50 Bloodlines
34:41 Husbandry
34:01 Light Cavalry
34:48 Scale Barding Armor
35:28 Conscription
35:26 Town Watch
36:32 Chain Barding Armor
36:47 Hussar
38:04 Plate Barding Armor
JohTo
0:26 Loom
11:28 Feudal Age
15:31 Castle Age
14:42 Double-Bit Axe
14:57 Horse Collar
32:31 Scale Barding Armor
33:19 Forging
34:00 Chain Barding Armor
33:54 Town Watch
34:30 Fervor
35:19 Wheelbarrow
36:07 Bow Saw
38:48 Iron Casting
38:54 Hand Cart
38:39 Town Patrol
38:44 Heavy Plow
40:14 Bloodlines
40:05 Husbandry
40:50 Gold Mining
40:51 Stone Mining
Mika_168
11:58 Feudal Age
16:25 Castle Age
14:40 Double-Bit Axe
15:15 Horse Collar
18:13 Bow Saw
26:29 Wheelbarrow
28:47 Chemistry
31:04 Imperial Age
29:48 Hand Cart
29:03 Pikeman
29:44 Squires
30:25 Loom
31:05 Heavy Plow
31:17 Scale Mail Armor
31:22 Padded Archer Armor
31:15 Houfnice
32:04 Halberdier
33:34 Chain Mail Armor
33:08 Arson
34:21 Caravan
36:00 Conscription
35:47 Siege Engineers
37:36 Hussite Reforms
37:37 Wagenburg Tactics
绣虎
0:27 Loom
12:29 Feudal Age
16:46 Double-Bit Axe
19:32 Castle Age
18:55 Wheelbarrow
18:14 Horse Collar
20:50 Bow Saw
22:19 Heavy Plow
23:27 Hand Cart
26:15 Forging
26:15 Scale Mail Armor
27:32 Squires
27:20 Arson
27:34 Arson
27:38 Pikeman
28:57 Iron Casting
28:38 Chain Mail Armor
32:07 Imperial Age
30:48 Fervor
31:02 Chain Mail Armor
31:54 Stone Mining
31:57 Gold Mining
33:52 Gold Shaft Mining
34:33 Guilds
33:48 Elite Varangian Guard
35:28 Plate Mail Armor
34:49 Fletching
36:34 Two-Man Saw
35:59 Treadmill Crane
38:33 Chemistry
38:32 Stone Shaft Mining
39:41 Conscription
39:45 Logistica
40:41 Caravan
boboaidy
10:05 Feudal Age
14:03 Castle Age
12:14 Double-Bit Axe
15:28 Loom
17:28 Horse Collar
21:38 Heavy Plow
23:54 Wheelbarrow
23:55 Bow Saw
29:41 Imperial Age
27:12 Stone Mining
27:12 Gold Mining
28:07 Fletching
28:17 Padded Archer Armor
28:42 Ballistics
29:27 Gold Shaft Mining
29:27 Stone Shaft Mining
29:18 Hand Cart
29:21 Bodkin Arrow
30:25 Bracer
31:28 Chemistry
30:41 Bloodlines
30:32 Husbandry
31:55 Parthian Tactics
31:36 Thumb Ring
31:57 Leather Archer Armor
31:47 Elite Mangudai
32:55 Conscription
33:32 Nomads
33:57 Onager
35:36 Siege Onager
37:28 Caravan
39:14 Drill
39:06 Capped Ram
39:57 Siege Ram
Connection lost

Rejoining the realm…

Still unreachable

The connection could not be restored.

Session expired

The server has moved on; the page needs a fresh start.